AoeStats
← AlexTAN

Arena

509922426Analyzed
4v4 RM · 3d ago on Sep 28, 2026· 55m 10s· 8 players
Game mode
Random Map
Map size
Large (8 player)
Population
200
Speed
Normal
Resources
Standard
Victory
Conquest
Starting age
Dark Age
Ending age
Imperial Age
RankedLock teamsTeams togetherTeam positionsShared explorationLock speedFull tech treeHidden civsTurbo modeCheats
Victory
Defeat
🇪🇸 Khmer · Spain
961
+15
🇯🇵 Burgundians · Japan
959
+15
🇬🇧 Celts · United Kingdom
904
+17
🇩🇪 Britons · Germany
901
+17
🇨🇴 Persians · Colombia
1009
-20
🇨🇴 Britons · Colombia
939
-16
🇺🇸 Japanese · United States
882
-14
🇨🇱 Maya · Chile
877
-14
EggyPorcupine
11:36 Feudal Age
10:17 Loom
13:02 Loom
17:42 Castle Age
15:49 Double-Bit Axe
16:03 Horse Collar
18:15 Wheelbarrow
18:51 Town Watch
19:29 Bow Saw
19:55 Heavy Plow
20:23 Scale Barding Armor
21:44 Gold Mining
21:47 Stone Mining
23:10 Fletching
24:15 Tusk Swords
26:29 Gold Shaft Mining
32:37 Imperial Age
30:36 Town Patrol
32:51 Elite Ballista Elephant
34:20 Crop Rotation
35:19 Double Crossbow
37:04 Hand Cart
37:37 Stone Shaft Mining
39:50 Caravan
40:34 Chain Barding Armor
40:17 Scale Mail Armor
47:15 Capped Ram
47:58 Siege Ram
Macholdi
11:22 Feudal Age
13:07 Wheelbarrow
12:19 Horse Collar
12:35 Double-Bit Axe
14:07 Gold Mining
15:12 Stone Mining
20:32 Castle Age
23:39 Hand Cart
24:02 Heavy Plow
24:16 Bow Saw
29:24 Gold Shaft Mining
30:37 Padded Archer Armor
31:50 Yeomen
32:32 Leather Archer Armor
32:08 Fletching
33:00 Treadmill Crane
37:25 Imperial Age
35:46 Ballistics
35:23 Bodkin Arrow
38:32 Conscription
37:34 Elite Longbowman
40:40 Two-Man Saw
40:14 Ring Archer Armor
kagemusha
10:57 Feudal Age
15:25 Castle Age
15:05 Double-Bit Axe
15:20 Stone Mining
16:48 Wheelbarrow
17:46 Bow Saw
18:20 Fletching
22:12 Gold Mining
24:29 Two-Man Saw
25:14 Hand Cart
24:46 Loom
25:57 Gold Shaft Mining
31:19 Imperial Age
29:16 Horse Collar
29:49 Stone Mining
30:14 Murder Holes
31:32 Bodkin Arrow
33:14 Ballistics
33:37 Scale Barding Armor
33:43 Forging
34:12 Bracer
34:52 Conscription
35:51 Cavalier
36:33 Husbandry
39:40 Chain Barding Armor
39:56 Iron Casting
38:46 Paladin
41:04 Chemistry
42:04 Plate Barding Armor
43:29 Blast Furnace
45:11 Heavy Plow
46:27 Town Watch
52:25 Elite Coustillier
52:39 Flemish Revolution
53:18 Burgundian Vineyards
Asturon
10:52 Feudal Age
11:38 Horse Collar
11:47 Double-Bit Axe
18:30 Castle Age
16:44 Gold Mining
19:54 Bow Saw
19:47 Heavy Plow
20:12 Loom
23:17 Wheelbarrow
24:37 Stone Mining
28:26 Hand Cart
29:32 Ballistics
31:44 Imperial Age
31:49 Capped Ram
32:53 Conscription
32:08 Pikeman
33:04 Forging
32:54 Scale Mail Armor
33:03 Siege Engineers
32:53 Town Watch
33:11 Heavy Scorpion
33:48 Siege Ram
36:50 Furor Celtica
39:10 Chemistry
41:02 Halberdier
42:25 Iron Casting
42:07 Chain Mail Armor
47:48 Blast Furnace
47:19 Plate Mail Armor
47:23 Town Patrol
47:39 Arson
THE_LORD
10:35 Feudal Age
10:50 Horse Collar
10:55 Double-Bit Axe
17:41 Castle Age
17:24 Stone Mining
17:25 Gold Mining
18:33 Bow Saw
18:27 Heavy Plow
19:38 Wheelbarrow
21:31 Loom
24:51 Murder Holes
27:04 Hand Cart
29:33 Caravan
30:24 Gold Shaft Mining
30:24 Stone Shaft Mining
29:51 Herbal Medicine
31:00 Town Watch
31:11 Fletching
32:17 Kamandaran
34:37 Crossbowman
35:22 Thumb Ring
37:03 Husbandry
37:15 Bloodlines
41:13 Imperial Age
39:32 Ballistics
41:18 Scale Barding Armor
41:09 Bodkin Arrow
41:15 Padded Archer Armor
43:20 Two-Man Saw
42:52 Crop Rotation
42:15 Cavalier
43:49 Savar
44:20 Heavy Camel Rider
kevinfz101006xr
10:54 Feudal Age
15:47 Castle Age
13:58 Double-Bit Axe
14:50 Horse Collar
23:18 Bow Saw
23:11 Heavy Plow
23:52 Wheelbarrow
24:34 Loom
26:29 Fletching
27:21 Bodkin Arrow
28:15 Heavy Plow
28:32 Hand Cart
32:16 Imperial Age
29:44 Guard Tower
29:36 Treadmill Crane
30:33 Padded Archer Armor
31:11 Stone Mining
31:15 Gold Mining
32:30 Murder Holes
33:32 Yasama
34:11 Parthian Tactics
33:06 Heavy Cavalry Archer
34:40 Keep
34:00 Arrowslits
34:37 Ballistics
35:28 Chemistry
35:44 Conscription
36:35 Two-Man Saw
36:18 Masonry
36:41 Thumb Ring
38:12 Kataparuto
AlexTAN
0:44 Loom
12:52 Feudal Age
13:46 Double-Bit Axe
14:01 Horse Collar
16:37 Castle Age
18:20 Bow Saw
18:13 Heavy Plow
21:15 Fletching
21:25 Padded Archer Armor
23:23 Ballistics
27:52 Bodkin Arrow
29:25 Yeomen
31:25 Leather Archer Armor
34:14 Imperial Age
38:29 Chemistry
tin_cup_041
0:29 Loom
12:17 Feudal Age
14:31 Wheelbarrow
17:35 Castle Age
15:29 Gold Mining
16:04 Double-Bit Axe
16:21 Horse Collar
16:46 Scale Mail Armor
18:28 Forging
20:50 Eagle Warrior
26:45 Town Watch
27:52 Treadmill Crane
28:53 Stone Mining
30:55 Hand Cart
31:33 Fortified Wall
33:08 Town Patrol
33:50 Padded Archer Armor
33:41 Fletching
34:27 Iron Casting
33:53 Murder Holes
34:53 Ballistics
34:44 Masonry
35:05 Heavy Plow
35:18 Bow Saw
35:11 Pikeman
35:52 Squires
36:10 Chain Mail Armor
36:11 Leather Archer Armor
39:30 Imperial Age
37:40 Bodkin Arrow
37:27 Elite Skirmisher
38:13 Thumb Ring
38:11 Hul'che Javelineers
41:15 Chemistry
40:39 Conscription
40:49 Halberdier
42:03 Ring Archer Armor
41:34 Bracer
42:37 Blast Furnace
42:07 Plate Mail Armor
49:22 Two-Man Saw
50:07 Hoardings
49:41 Caravan
49:52 Guilds
52:18 Crop Rotation
54:32 Architecture
Connection lost

Rejoining the realm…

Still unreachable

The connection could not be restored.

Session expired

The server has moved on; the page needs a fresh start.